[Event "Scarborough CC ch reserves"]
[Site "Toronto CAN"]
[Date "2007.03.08"]
[Round "9"]
[White "Sherman, Joshua"]
[Black "London, John"]
[Result "1/2-1/2"]
[Annotator "Armstrong, Robert"]
[ECO "C01"]
[WhiteElo "1700"]
[BlackElo "1836"]
[PlyCount "44"]
[GameId "2160767740575968"]
[EventDate "2007.01.04"]
[EventType "swiss"]
[EventRounds "9"]
[EventCountry "CAN"]
[TimeControl "3600"]

{400MB, Fritz8.ctg, SOLOZEN} 1. e4 e6 $14 2. d4 d5 3. exd5 (3. e5 Ne7 4. Bd3 Nf5 5. Ne2 b6 $14) 3... exd5 4. Bd3 Nf6 5. Nf3 Bd6 6. O-O $2 $11 (6. Qe2+ Be7 7. O-O O-O 8. Bg5 Nc6 $14) 6... O-O 7. Re1 Bg4 8. Bg5 Nbd7 9. Nbd2 c6 10. c3 Qc7 11. Qc2 Rfe8 12. h3 Bh5 13. Bh4 Rac8 14. Rxe8+ (14. Rad1 Bf4 15. Bf5 Rcd8 $11) 14... Rxe8 15. Re1 Rxe1+ 16. Nxe1 Bf4 17. Nef3 Bg6 18. Bxg6 fxg6 19. c4 Qa5 20. a3 dxc4 21. Qxc4+ Qd5 22. Qxd5+ Nxd5 $11 1/2-1/2